 Dungeon Crawl Stone Soup version 0.26-a0-834-g69557b85cc (webtiles) character file.

Game seed: 17298607910671712146

4758 mhtbhm the Cleaver (level 10, 0/91 HPs)
             Began as a Gargoyle Fighter on Nov 16, 2020.
             Was a Follower of the Shining One.
             Slain by a 16-headed hydra (6 damage)
             ... on level 9 of the Dungeon.
             The game lasted 00:13:52 (6497 turns).

mhtbhm the Cleaver (Gargoyle Fighter)               Turns: 6497, Time: 00:13:52

Health: 0/91       AC: 19    Str: 23    XL:     10   Next: 46%
Magic:  10/10      EV:  9    Int:  9    God:    the Shining One [*.....]
Gold:   484        SH: 21    Dex: 11    Spells: 9/9 levels left

rFire    . . .     SeeInvis .   a - +6 war axe of Calamity {freeze, rElec Dex+2}
rCold    . . .     Faith    .   c - +0 tower shield
rNeg     + . .     Spirit   .   b - +0 chain mail
rPois    ∞         Reflect  +   (no helmet)
rElec    +         Harm     .   k - +0 cloak
rCorr    +         Rampage  .   (no gloves)
MR       .....                  y - +0 pair of boots {run}
Stlth    ..........             D - amulet of reflection
HPRegen  0.25/turn              u - +4 ring of evasion
MPRegen  0.12/turn              E - ring of resist corrosion

@: berserking (expiring), glowing, very quick
A: negative energy resistance 1, electricity resistance, unbreathing,
petrification resistance, rot immunity, AC +7
a: Renounce Religion


You were on level 9 of the Dungeon.
You worshipped the Shining One.
The Shining One was aware of your devotion.
You visited 2 branches of the dungeon, and saw 10 of its levels.

You collected 586 gold pieces.
You spent 102 gold pieces at shops.

Inventory:

Hand Weapons
 a - the +6 war axe of Calamity (weapon) {freeze, rElec Dex+2}
   (You found it on level 4 of the Dungeon)

   It has been specially enchanted to freeze those struck by it, causing extra
   injury to most foes and up to half again as much damage against particularly
   susceptible opponents.
   It can also slow down cold-blooded creatures.
   It affects your dexterity (+2).
   It insulates you from electricity.
Armour
 b - a +0 chain mail (worn)
 c - a +0 tower shield (worn)
 k - a +0 cloak (worn)
 y - a +0 pair of boots of running (worn)
Jewellery
 l - an uncursed ring of flight
 u - a +4 ring of evasion (left hand)
 D - an amulet of reflection (around neck)
 E - a ring of resist corrosion (right hand)
Wands
 n - a wand of acid (6)
 G - a wand of iceblast (9)
Scrolls
 d - a scroll of holy word
 e - a scroll of magic mapping
 f - 2 scrolls of fear
 g - 2 scrolls of fog
 h - a scroll of silence {unknown}
 s - 2 scrolls of enchant weapon {unknown}
 t - 6 scrolls of remove curse
 v - 2 scrolls of teleportation
 x - 2 scrolls of enchant armour
 A - a scroll of blinking {unknown}
 C - 2 scrolls of noise {unknown}
 F - a scroll of immolation {unknown}
Potions
 i - 4 potions of curing
 m - a potion of degeneration {unknown}
 o - a potion of resistance {unknown}
 p - 4 potions of haste {unknown}
 q - 3 potions of mutation {unknown}
 r - a potion of heal wounds {unknown}
 w - a potion of magic {unknown}
 B - a potion of ambrosia {unknown}


   Skills:
 + Level 6.4 Fighting
 * Level 10.4(10.6) Axes
 - Level 3.5(8.1) Maces & Flails
 + Level 5.4 Armour
 + Level 2.4 Dodging
 + Level 0.7 Stealth
 + Level 7.2 Shields


You had 9 spell levels left.
You didn't know any spells.
Your spell library contained the following spells:

 Spells                   Type           Power        Failure   Level
 Animate Skeleton         Necr           #.....       100%        1
 Apportation              Tloc           #.....       100%        1
 Beastly Appendage        Tmut           #.....       100%        1
 Corona                   Hex            #......      100%        1
 Magic Dart               Conj           #...         100%        1
 Summon Small Mammal      Summ           #...         100%        1
 Searing Ray              Conj           #.....       100%        2
 Wereblood                Tmut           #.......     100%        2
 Dazzling Flash           Conj/Hex       #.....       100%        3
 Spider Form              Tmut/Pois      #.........   100%        3
 Fulminant Prism          Conj/Hex       #.........   100%        4
 Ice Form                 Ice/Tmut       #.......     100%        4
 Iskenderun's Mystic Bla  Conj/Tloc      #.......     100%        4
 Blade Hands              Tmut           #.........   100%        5


Dungeon Overview and Level Annotations

Branches:
Dungeon (9/15)             Temple (1/1) D:6            Lair (0/6) D:8
    Orc: D:9-12

Altars:
Ashenzari
Cheibriados
Dithmenos
Elyvilon
Fedhas
Gozag
Hepliaklqana
Kikubaaqudgha
Makhleb
Nemelex Xobeh
Okawaru
Qazlal
Ru
Sif Muna
Trog
Uskayaw
Vehumet
Wu Jian
Xom
Yredelemnul
Zin
The Shining One

Shops:
D:6 !   D:7 (*=(


Innate Abilities, Weirdness & Mutations

You are resistant to torment.
Your stone body is resilient. (AC +7)
You are immune to poison.
You resist negative energy. (rN+)
You are resistant to electric shocks. (rElec)
You can survive without breathing.
You are immune to petrification.
You are immune to rotting.


Message History

You block the 16-headed hydra's attack. x2
The 16-headed hydra bites you but does no damage. x3
The 16-headed hydra bites you!
* * * LOW HITPOINT WARNING * * *
The 16-headed hydra bites you but does no damage. x3
The 16-headed hydra bites you.
* * * LOW HITPOINT WARNING * * *
The 16-headed hydra bites you but does no damage.
The 16-headed hydra bites you.
* * * LOW HITPOINT WARNING * * *
You block the 16-headed hydra's attack.
The 16-headed hydra bites you but does no damage.
The 16-headed hydra bites you.
* * * LOW HITPOINT WARNING * * *
The 16-headed hydra barely misses you. x2
The 16-headed hydra closely misses you. The 16-headed hydra bites you.
* * * LOW HITPOINT WARNING * * *
The 16-headed hydra bites you but does no damage.
You block the 16-headed hydra's attack. The 16-headed hydra bites you.
You die...

#####.####
###..######
#.........#
#.........#
#####.........#
+...#.........#
#...........#
####..........#
#...D@........#
###'°D##......#
##.....##....<#
#≈.....♣#.#####
#♣..).(≈#.#
#P...=.P#.#
##♣...≈##+#
#♣♣♣##


You could see 2 16-headed hydras.

Vanquished Creatures
  A two-headed ogre (D:8)
  The ghost of marklar909 the Destroyer, a novice DrCj of Vehumet (D:9)
  Pikel (D:4)
  Grinder (D:6)
  Eustachio (D:4)
  Edmund (D:4)
  Duvessa (D:4)
  A water moccasin (D:8)
  An orc warrior (D:7)
  A sky beast (D:5)
  2 phantoms
  5 ogres
  A centaur (D:6)
  2 lemures (D:4)
  4 bullfrogs
  Dowan (D:4)
  A water moccasin zombie (D:4)
  3 scorpions
  13 wights
  5 killer bees (D:6)
  A centaur zombie (D:7)
  A hound (D:5)
  4 jellies
  A gnoll shaman (D:4)
  Natasha (thrice) (D:2)
  Terence (D:2)
  2 orc wizards
  10 worker ants
  A hound zombie (D:8)
  2 hound skeletons
  A howler monkey zombie (D:4)
  4 adders
  6 gnolls (D:4)
  A shadow imp (D:6)
  A white imp (D:9)
  An ooze (D:4)
  An adder skeleton (D:4)
  3 worms
  4 dart slugs
  5 leopard geckos
  23 orcs
  7 giant cockroaches
  4 hobgoblins
  15 jackals
  6 quokkas
  12 bats
  5 frilled lizards
  9 goblins
  8 kobolds
  7 rats
196 creatures vanquished.

Vanquished Creatures (others)
  A plant (D:9)
1 creature vanquished.

Grand Total: 197 creatures vanquished

Notes
Turn   | Place    | Note
-------+----------+-------------------------------------------
     0 | D:1      | mhtbhm the Gargoyle Fighter began the quest for the Orb.
     0 | D:1      | Reached XP level 1. HP: 14/14 MP: 1/1
   292 | D:1      | Reached XP level 2. HP: 16/19 MP: 2/2
   824 | D:2      | Noticed Natasha
   833 | D:2      | Killed Natasha
   834 | D:2      | Reached XP level 3. HP: 15/23 MP: 3/3
   855 | D:2      | Noticed Natasha
   862 | D:2      | Killed Natasha
   863 | D:2      | Reached skill level 1 in Dodging
   863 | D:2      | Reached XP level 4. HP: 14/29 MP: 4/4
   903 | D:2      | Noticed Terence
   919 | D:2      | Killed Terence
   970 | D:2      | Reached XP level 5. HP: 18/33 MP: 5/5
  1545 | D:2      | Found a glowing silver altar of Zin.
  1545 | D:2      | Noticed an angel
  1787 | D:2      | Noticed Natasha
  1798 | D:2      | Killed Natasha
  2625 | D:3      | Reached XP level 6. HP: 35/38 MP: 6/6
  2773 | D:4      | Got a jewelled war axe
  2774 | D:4      | Identified the +6 war axe of Calamity {freeze, rElec Dex+2}
                  | (You found it on level 4 of the Dungeon)
  2784 | D:4      | Noticed Dowan
  2785 | D:4      | Noticed Duvessa
  2785 | D:4      | Noticed Pikel
  2801 | D:4      | Killed Duvessa
  2802 | D:4      | Reached skill level 1 in Axes
  2802 | D:4      | Reached skill level 5 in Shields
  2805 | D:4      | Killed Pikel
  2806 | D:4      | Reached skill level 3 in Axes
  2806 | D:4      | Reached XP level 7. HP: 43/44 MP: 7/7
  2815 | D:4      | Killed Dowan
  2816 | D:4      | Reached skill level 4 in Axes
  2816 | D:4      | Reached XP level 8. HP: 48/48 MP: 8/8
  2906 | D:4      | Identified a +0 pair of boots of running (You found it on
                  | level 4 of the Dungeon)
  2921 | D:4      | You fall into a shaft and drop 3 floors!
  3016 | D:7      | Reached skill level 5 in Axes
  3016 | D:7      | Found Foxkits's Antique Weapon Boutique.
  3163 | D:7      | Found Gohoapri's Antique Weapon Shoppe.
  3197 | D:7      | Found a bloodstained altar of Trog.
  3223 | D:7      | Reached skill level 6 in Axes
  3346 | D:7      | Found Wuygomekk's General Store.
  3356 | D:7      | Bought a scroll of teleportation for 36 gold pieces
  3356 | D:7      | Bought a scroll of fog for 24 gold pieces
  3356 | D:7      | Bought a scroll of magic mapping for 42 gold pieces
  3383 | D:7      | Reached skill level 5 in Fighting
  3383 | D:7      | Reached XP level 9. HP: 49/54 MP: 9/9
  3388 | D:7      | Reached skill level 7 in Axes
  3669 | D:7      | Found Xamaat's Jewellery Emporium.
  3993 | D:6      | Found a staircase to the Ecumenical Temple.
  4007 | Temple   | Entered the Ecumenical Temple
  4078 | Temple   | Became a worshipper of the Shining One
  4115 | D:6      | Noticed Grinder
  4130 | D:6      | Paralysed by Grinder for 4 turns
  4135 | D:6      | Killed Grinder
  4286 | D:6      | Reached skill level 8 in Axes
  4530 | D:6      | Found Qyfaets's Distillery.
  4699 | D:5      | Entered Level 5 of the Dungeon
  4880 | D:5      | Reached skill level 9 in Axes
  5134 | D:4      | Noticed Edmund
  5134 | D:4      | Reached * piety under the Shining One
  5140 | D:4      | Killed Edmund
  5141 | D:4      | Reached skill level 5 in Armour
  5237 | D:4      | Reached XP level 10. HP: 60/60 MP: 10/10
  5306 | D:4      | Noticed Eustachio
  5327 | D:4      | Killed Eustachio
  5410 | D:4      | Found a bloodstained altar of Trog.
  5801 | D:8      | Noticed a two-headed ogre
  5811 | D:8      | Killed a two-headed ogre
  5812 | D:8      | Reached skill level 10 in Axes
  6012 | D:8      | Found a staircase to the Lair.
  6458 | D:9      | Found a runed translucent gate.
  6458 | D:9      | Found a runed translucent gate.
  6458 | D:9      | Found a runed translucent gate.
  6460 | D:9      | Noticed a nine-headed hydra
  6461 | D:9      | Noticed marklar909's ghost (novice DrCj)
  6462 | D:9      | Noticed a nine-headed hydra
  6497 | D:9      | Killed marklar909's ghost
  6497 | D:9      | Slain by a 16-headed hydra

Illustrated notes

Levels and vault maps discovered:
D:1:      ebering_hopf_link, layout_rooms, serial_rivers,
          chequers_serial_rivers_micro_c, chequers_serial_rivers_micro_d,
          chequers_serial_rivers_micro_e, chequers_serial_rivers_micro_a
D:2:      layout_basic, zin_angel, uniq_natasha, uniq_terence
D:3:      layout_basic
D:4:      layout_rooms, trog_book, uniq_duvessa, uniq_pikel, uniq_edmund,
          uniq_eustachio
D:5:      layout_gridville
D:6:      layout_basic, minmay_temple_entry_crystal_x, serial_shops,
          nicolae_shop_crystal, minmay_pentangle, uniq_grinder
D:7:      layout_loops_ring, serial_shops, shop, shop_coins, shop,
          shop_fountains, trog_three_pillars_becter
D:8:      layout_basic, lair_entry_dummy
D:9:      layout_roguey, gammafunk_ghost_hydra_chop
Temple:   compressed_dpeg_circular_temple

Skill      XL: |  1  2  3  4  5  6  7  8  9 10 |
---------------+-------------------------------+-----
Dodging        | 1 2 |  2.4
Shields        | 4 6 7 |  7.2
Maces & Flails | 3 |  3.5
Fighting       | 4 5 6 |  6.4
Armour         | 4 5 |  5.4
Axes           | 3 4 6 9 10 | 10.4
Stealth        | |  0.7

Action                   |  1- 3 |  4- 6 |  7- 9 | 10-12 || total
-------------------------+-------+-------+-------+-------++-------
Melee: Flail             |   101 |   201 |       |       ||   302
       Hand axe          |       |    39 |       |       ||    39
       War axe           |       |    12 |   222 |    59 ||   293
  Use: Potion            |       |     1 |       |     1 ||     2
       Scroll            |       |       |     8 |     4 ||    12
Armor: Scale mail        |    98 |     1 |       |       ||    99
       Chain mail        |       |   141 |   100 |    51 ||   292
Dodge: Dodged            |    56 |    50 |    61 |    28 ||   195
Block: Kite shield       |    94 |   204 |   100 |       ||   398
       Reflection        |       |     3 |     1 |     1 ||     5
       Tower shield      |       |       |    17 |    59 ||    76

Table legend: (Time is in decaauts)
 A = Elapsed time spent in this place.
 B = Non-inter-level travel time spent in this place.
 C = Inter-level travel time spent in this place.
 D = Time resting spent in this place.
 E = Time spent auto-exploring this place.
 F = Levels seen in this place.
 G = Mean time per level.
                   A        B        C        D        E       F      G
               +--------+--------+--------+--------+--------+-----+--------+
         Total |   6410 |   6371 |     39 |    399 |   3801 |  10 |  641.0 |
       Dungeon |   6322 |   6283 |     39 |    399 |   3801 |   9 |  702.4 |
        Temple |     87 |     87 |      0 |      0 |      0 |   1 |   87.0 |
               +--------+--------+--------+--------+--------+-----+--------+

Top non-repeatable levels by time:
     D:2: 1318 daAuts
     D:7: 1061 daAuts
     D:3: 809 daAuts
     D:1: 769 daAuts
     D:4: 647 daAuts
     D:6: 616 daAuts
     D:8: 549 daAuts
     D:5: 425 daAuts
     D:9: 124 daAuts
  Temple: 87 daAuts
